 Dungeon Crawl Stone Soup version 0.27.0-1-g7a089689b8 (webtiles) character file.

Game seed: 6399553789284775580

1716 snetch the Covered (level 8, 0/71 HPs)
             Began as a Minotaur Berserker on Aug 3, 2021.
             Was a Priest of Trog.
             Killed by divine providence
             ... invoked by an orc priest
              (11 damage)
             ... on level 7 of the Dungeon.
             The game lasted 00:15:28 (6480 turns).

snetch the Covered (Minotaur Berserker)             Turns: 6480, Time: 00:15:29

Health: 0/71       AC: 14    Str: 24    XL:     8   Next: 74%
Magic:  7/7        EV: 12    Int:  4    God:    Trog [***...]
Gold:   366        SH:  0    Dex: 10    Spells: 7/7 levels left

rFire    . . .     SeeInvis .   b - +4 flail
rCold    . . .     Faith    .   (no shield)
rNeg     + . .     Spirit   .   x - +0 plate armour
rPois    .         Reflect  .   (helmet restricted)
rElec    .         Harm     .   o - +0 cloak
rCorr    .         Rampage  .   (no gloves)
Will     ++...                  (no boots)
Stlth    ..........             B - amulet of the acrobat
HPRegen  1.21/turn              O - ring of positive energy
MPRegen  0.10/turn              P - +4 ring of evasion

@: strong-willed, on berserk cooldown, regenerating, slowed, very slow
A: horns 2, retaliatory headbutt
a: Renounce Religion, Berserk, Trog's Hand


You were on level 7 of the Dungeon.
You worshipped Trog.
Trog was most pleased with you.
You visited 1 branch of the dungeon, and saw 7 of its levels.

You collected 366 gold pieces.

Inventory:

Hand Weapons
 a - a +2 scythe of flaming
 b - a +4 flail (weapon)
 c - a +0 hand axe
 d - a +2 quarterstaff of chaos
 e - a +2 vorpal falchion
 F - a +0 trident
 K - a +1 short sword of protection
Missiles
 f - 50 poisoned darts (quivered)
 g - 29 bolts
 q - 61 arrows
 u - 262 stones
Armour
 o - a +0 cloak (worn)
 x - a +0 plate armour (worn)
 D - a +0 leather armour of fire resistance
 J - a +0 troll leather armour
Jewellery
 B - an amulet of the acrobat (around neck)
 O - a ring of positive energy (left hand)
 P - a +4 ring of evasion (right hand)
Wands
 M - a wand of iceblast (10)
Scrolls
 i - 3 scrolls of identify {unknown}
 l - 3 scrolls of noise {unknown}
 m - 5 scrolls of vulnerability {unknown}
 r - a scroll of summoning {unknown}
 v - 2 scrolls of teleportation {unknown}
 y - a scroll of immolation {unknown}
 z - 2 scrolls of blinking {unknown}
 E - a scroll of silence {unknown}
 G - 2 scrolls of enchant weapon {unknown}
 I - a scroll of magic mapping {unknown}
Potions
 h - a potion of resistance {unknown}
 j - a potion of degeneration {unknown}
 k - 2 potions of curing {unknown}
 n - 3 potions of flight {unknown}
 p - a potion of haste {unknown}
 s - 2 potions of ambrosia {unknown}
 t - a potion of mutation {unknown}
 w - 2 potions of heal wounds {unknown}
 A - a potion of berserk rage {unknown}
 C - a potion of lignification {unknown}
 H - 2 potions of attraction {unknown}


   Skills:
 + Level 6.9 Fighting
 + Level 6.5(8.0) Axes
 + Level 6.0(7.4) Maces & Flails
 + Level 3.5(5.5) Polearms
 + Level 1.5 Throwing
 + Level 7.5 Armour
 + Level 3.0 Dodging


You had 7 spell levels left.
You didn't know any spells.
Your spell library contained the following spells:

 Spells                   Type           Power      Damage    Failure   Level
 Gell's Gravitas          Tloc           0%         N/A       100%        3
 Portal Projectile        Hex/Tloc       0%         N/A       100%        3
 Teleport Other           Tloc           0%         N/A       100%        3
 Blade Hands              Tmut           0%         N/A       100%        5
 Excruciating Wounds      Necr           0%         N/A       100%        5
 Dispersal                Tloc           0%         N/A       100%        6


Dungeon Overview and Level Annotations

Branches:
Dungeon (7/15)
 Temple: D:4-7

Altars:
Cheibriados
Ru

Shops:
D:3 =   D:4 (

Annotations:
D:3 amulet behind rock


Innate Abilities, Weirdness & Mutations

You have a pair of horns on your head.
You reflexively headbutt those who attack you in melee.


Message History

An orc priest comes into view. It is wielding a +0 hand axe.
The phantom barely misses you. You furiously retaliate!
You headbutt the phantom!!
You destroy the phantom!
Trog accepts your kill.
Your base Maces & Flails skill increases to level 6!
You feel sick.
The orc priest shouts!
An orc comes into view. It is wielding a +0 dagger.
Things that are here:
a +0 club; a +0 scale mail You feel a strong urge to attack something.
An orc comes into view. It is wielding a +0 trident.
You feel sick. The orc warrior barely misses you.
You feel sick.
You thump the orc warrior!
The orc warrior is moderately wounded.
You are no longer berserk.
You are exhausted.
You feel as though you will be slow longer.
You feel sick.
You are no longer poisoned.
The orc priest closely misses you. The orc warrior misses you.
You hit the orc warrior but do no damage.
You headbutt the orc warrior.
The orc warrior is moderately wounded.
The orc priest barely misses you. The orc warrior closely misses you.
You furiously retaliate!
You headbutt the orc warrior. The orc barely misses you.
The orc priest hits you with a +0 hand axe.
* * * LOW HITPOINT WARNING * * *
Your skin crawls.
You feel strong-willed. The orc warrior closely misses you.
The orc hits you with a +0 dagger.
* * * LOW HITPOINT WARNING * * *
A jelly comes into view.
The orc hits you but does no damage.
The orc priest invokes the aid of Beogh against you.
Beogh smites you!
You die...

#........#
#........#
######...#######
#........^#
#.).......#
#.........#
#.)))..$..#
#.........#
.....#..o@o..#
.....'....oo.....
#.....#...........
.#....#...........
#.#.. #...........
... #...........
#........###
#....J...#


You could see an orc warrior, a jelly (wandering), an orc priest and 2 orcs.

Vanquished Creatures
  Sigmund (D:2)
  A steam dragon (D:6)
  A sky beast (D:3)
  2 ogres (D:5)
  2 phantoms
  A kobold brigand (D:7)
  A bullfrog (D:7)
  A scorpion (D:4)
  2 centaur zombies
  A bullfrog zombie (D:6)
  4 jellies
  Crazy Yiuf (D:3)
  A centaur skeleton (D:7)
  4 hounds
  An iron imp (D:6)
  Jessica (D:2)
  Natasha (thrice) (D:2)
  2 iguanas (D:4)
  Terence (D:3)
  An orc wizard (D:6)
  4 adders
  2 gnolls (D:5)
  A howler monkey skeleton (D:7)
  3 river rats (D:5)
  3 ufetubi
  2 worms
  2 dart slugs
  10 orcs
  2 bats
  4 endoplasms
  3 giant cockroaches
  9 goblins
  2 hobgoblins
  10 kobolds
  3 quokkas
  2 ball pythons (D:1)
  3 frilled lizards
  3 rats (D:1)
100 creatures vanquished.

Vanquished Creatures (others)
  22 plants (D:5)
22 creatures vanquished.

Grand Total: 122 creatures vanquished

Notes
Turn   | Place    | Note
-------+----------+-------------------------------------------
     0 | D:1      | snetch the Minotaur Berserker began the quest for the Orb.
     0 | D:1      | Reached XP level 1. HP: 19/19 MP: 0/0
   145 | D:2      | Reached XP level 2. HP: 26/27 MP: 1/1
   419 | D:2      | Noticed Natasha
   428 | D:2      | Killed Natasha
   429 | D:2      | Reached XP level 3. HP: 32/34 MP: 2/2
   460 | D:1      | Found a faded altar of an unknown god.
   539 | D:1      | Reached ** piety under Trog
   935 | D:1      | Reached XP level 4. HP: 41/41 MP: 3/3
  1331 | D:3      | Found a sacrificial altar of Ru.
  1347 | D:3      | Reached skill level 3 in Armour
  1494 | D:4      | Reached skill level 5 in Axes
  1775 | D:2      | Noticed Natasha
  1783 | D:2      | Killed Natasha
  1784 | D:2      | Reached XP level 5. HP: 45/47 MP: 4/4
  1807 | D:2      | Noticed Jessica
  1811 | D:2      | Killed Jessica
  1931 | D:2      | Noticed Natasha
  1934 | D:2      | Killed Natasha
  1935 | D:2      | Reached skill level 5 in Fighting
  1968 | D:2      | Noticed Sigmund
  1982 | D:2      | Killed Sigmund
  1983 | D:2      | Reached skill level 4 in Armour
  1983 | D:2      | Reached XP level 6. HP: 46/56 MP: 5/5
  2403 | D:3      | Found Unamekadd's Jewellery Shop.
  2426 | D:3      | Noticed a sky beast
  2437 | D:3      | Killed a sky beast
  2438 | D:3      | Reached skill level 1 in Polearms
  2438 | D:3      | Reached skill level 5 in Armour
  2578 | D:3      | Found a runed translucent door.
  2579 | D:3      | Noticed Crazy Yiuf
  2587 | D:3      | Killed Crazy Yiuf
  2588 | D:3      | Reached XP level 7. HP: 57/61 MP: 6/6
  2946 | D:3      | Noticed Terence
  2951 | D:3      | Killed Terence
  3269 | D:4      | Found Niokk's Weapon Shop.
  3413 | D:5      | Entered Level 5 of the Dungeon
  3519 | D:4      | Reached skill level 1 in Throwing
  4099 | D:5      | Reached skill level 1 in Maces & Flails
  4124 | D:5      | Reached skill level 6 in Armour
  4163 | D:6      | Noticed a steam dragon
  4170 | D:6      | Killed a steam dragon
  4175 | D:6      | Reached XP level 8. HP: 61/70 MP: 7/7
  6051 | D:6      | Reached skill level 5 in Maces & Flails
  6239 | D:6      | Found a snail-covered altar of Cheibriados.
  6459 | D:7      | Reached skill level 7 in Armour
  6460 | D:7      | Reached *** piety under Trog
  6480 | D:7      | Killed from afar by an orc priest

Illustrated notes

Levels and vault maps discovered:
D:1:      dpeg_arrival_solitude, layout_basic,
          hellmonk_ecumenical_altar_pennies_from_heaven
D:2:      layout_basic, minmay_misc_feat_nine_boxes, uniq_sigmund, uniq_jessica,
          uniq_natasha
D:3:      layout_loops_corners, old_standard_altar, serial_shops,
          nicolae_diamond_shop, glass_columns_a, chequers_decorated_corner,
          item_on_display_a, uniq_crazy_yiuf_cottage, uniq_terence
D:4:      layout_basic, serial_shops, nicolae_shop_window_shopping
D:5:      wad_woods_settlement, layout_gridville, kennysheep_minor_cross
D:6:      layout_basic, chei_slow_surprise
D:7:      layout_basic, minmay_temple_entry_grid, serial_shops,
          nicolae_square_shop, amethyst_killhole, uniq_pikel

Skill      XL: |  1  2  3  4  5  6  7  8 |
---------------+-------------------------+-----
Axes           | 4 5 6 |  6.5
Fighting       | 4 5 6 |  6.9
Armour         | 3 4 5 6 7 |  7.5
Dodging        | 3 |  3.0
Polearms       | 1 3 |  3.5
Throwing       | 1 |  1.5
Maces & Flails | 3 6 |  6.0

Action                   |  1- 3 |  4- 6 |  7- 9 || total
-------------------------+-------+-------+-------++-------
Melee: Hand axe          |    64 |    44 |       ||   108
       Headbutt          |    10 |     6 |    27 ||    43
       Scythe            |       |    12 |    16 ||    28
       Flail             |       |       |   129 ||   129
Throw: Dart              |       |     4 |     5 ||     9
Invok: Berserk           |       |     2 |     1 ||     3
       Trog's Hand       |       |     1 |     1 ||     2
Armor: Plate armour      |    57 |    17 |    72 ||   146
       Chain mail        |       |    11 |     5 ||    16
Dodge: Dodged            |    13 |    13 |   100 ||   126
